 Dungeon Crawl Stone Soup version 0.27-a0-1559-g299f9947c5 (webtiles) character file.

Game seed: 15166098492637310827

14 Conn the Firebug (level 2, -3/14 (17) HPs)
             Began as an Octopode Fire Elementalist on July 16, 2021.
             Slain by a necrophage (6 damage)
             ... on level 2 of the Dungeon.
             The game lasted 00:01:56 (661 turns).

Conn the Firebug (Octopode Fire Elementalist)        Turns: 661, Time: 00:01:58

HP:   -3/14 (17)    AC:  1    Str:  7    XL:     2   Next: 45%
MP:   2/5           EV: 13    Int: 17    God:
Gold: 26            SH:  0    Dex: 12    Spells: 4/5 levels left

rFire    . . .     SeeInvis .   b - +0 short sword
rCold    . . .     Faith    .   (no shield)
rNeg     . . .     Spirit   .   (helmet restricted)
rPois    .         Reflect  .   (no amulet)
rElec    .         Harm     .   (no ring)
rCorr    .         Rampage  .   (no ring)
Will     .....                  (no ring)
Stlth    +++.......             (no ring)
HPRegen  0.04/turn              (no ring)
MPRegen  0.09/turn              (no ring)
                                (no ring)
                                (no ring)

@: lethally poisoned (-3 -> -14), heavily drained
A: almost no armour, amphibious, 8 rings, camouflage 1, gelatinous body 1,
(nimble swimmer 1), tentacles
a: no special abilities


You were on level 2 of the Dungeon.
You visited 1 branch of the dungeon, and saw 2 of its levels.

You collected 26 gold pieces.

Inventory:

Hand Weapons
 b - a +0 short sword (weapon)
Scrolls
 a - a scroll of holy word {unknown}
 d - a scroll of noise {unknown}
Potions
 e - a potion of cancellation {unknown}
 f - a potion of invisibility {unknown}


   Skills:
 + Level 2.1 Dodging
 + Level 2.9 Stealth
 + Level 2.0 Spellcasting
 + Level 1.0 Conjurations
 + Level 3.5 Fire Magic


You had 4 spell levels left.
You knew the following spells:

 Your Spells              Type           Power      Damage    Failure   Level
a - Foxfire               Conj/Fire      36%        2x1d5     8%          1

Your spell library contained the following spells:

 Spells                   Type           Power      Damage    Failure   Level
 Corona                   Hex            1%         N/A       19%         1
 Conjure Flame            Conj/Fire      9%         6-21      22%         3
 Ensorcelled Hibernation  Hex/Ice        2%         N/A       28%         2
 Inner Flame              Hex/Fire       7%         N/A       28%         3
 Tukima's Dance           Hex            1%         N/A       50%         3
 Sticky Flame             Conj/Fire      9%         2d3       58%         4
 Fireball                 Conj/Fire      4%         3d4       91%         5


Dungeon Overview and Level Annotations

Branches:
Dungeon (2/15)

Altars:


Innate Abilities, Weirdness & Mutations

You cannot wear most types of armour.
You are amphibious.
You can wear up to eight rings at the same time.
Your skin changes colour to match your surroundings (Stealth+).
Your rubbery body absorbs attacks. (AC +1, EV +1)
((You are camouflaged near water. (Stealth+)))
You have tentacles for arms and can constrict up to eight enemies at once.


Message History

Found a leather armour.
You feel less invigorated.
You feel less confused.
The adder hisses angrily.
Casting: Foxfire (safe; 8% risk of failure)
Confirm with . or Enter, or press ? or * to list all spells.
You conjure some foxfire!
The necrophage hits you.
You feel drained.
The foxfire hits the necrophage.
The necrophage is severely damaged.
The foxfire hits the necrophage but does no damage.
The necrophage is severely damaged.
The necrophage closely misses you.
Unknown command.
Casting: Foxfire (safe; 8% risk of failure)
Confirm with . or Enter, or press ? or * to list all spells.
You conjure some foxfire!
The necrophage barely misses you.
A worm comes into view.
The foxfire hits the necrophage.
The necrophage is almost destroyed.
The foxfire hits the necrophage.
The necrophage is almost destroyed.
The adder misses you. The necrophage closely misses you. The adder bites you.
Unknown command.
Casting: Foxfire (safe; 8% risk of failure)
Confirm with . or Enter, or press ? or * to list all spells.
You conjure some foxfire!
The necrophage hits you.
You feel drained. The adder barely misses you.
The foxfire hits the adder.
The adder is moderately wounded.
The foxfire hits the necrophage.
The necrophage is almost destroyed.
The adder bites you.
You are lethally poisoned!
The adder poisons you! The necrophage closely misses you.
Casting: Foxfire (safe; 8% risk of failure)
Confirm with . or Enter, or press ? or * to list all spells.
You conjure some foxfire!
You feel sick. The adder bites you.
* * * LOW HITPOINT WARNING * * *
You are more poisoned.
The adder poisons you! The necrophage hits you.
You die...

###### #..v.#
##+##S@v.#
.w.....n..#
.........<#
[.........#
..........#
........_.....<..
..........[......
.................
................


You could see a necrophage (ally target), a worm and an adder.

Vanquished Creatures
  3 goblins (D:1)
  A hobgoblin (D:1)
  2 kobolds (D:1)
  2 quokkas (D:1)
  A ball python (D:1)
  2 bats (D:1)
  A rat (D:1)
12 creatures vanquished.

Vanquished Creatures (others)
  42 foxfires
42 creatures vanquished.

Grand Total: 54 creatures vanquished

Notes
Turn   | Place    | Note
-------+----------+-------------------------------------------
     0 | D:1      | Conn the Octopode Fire Elementalist began the quest for the
                  | Orb.
     0 | D:1      | Reached XP level 1. HP: 11/11 MP: 3/3
   183 | D:1      | Reached XP level 2. HP: 17/17 MP: 0/5
   640 | D:2      | Noticed a necrophage
   640 | D:2      | Found a faded altar of an unknown god.
   661 | D:2      | Slain by a necrophage

Illustrated notes

Levels and vault maps discovered:
D:1:      dpeg_arrival_long_road, layout_rooms
D:2:      layout_basic, basic_altar, basic_ecumenical_altar,
          grunt_decor_arrowhead

Action                   || total
-------------------------++-------
Melee: Short sword       ||     1
       Constrict         ||     1
 Cast: Foxfire           ||    24
  Use: Potion            ||     1
Dodge: Dodged            ||    13

Table legend: (Time is in decaauts)
 A = Elapsed time spent in this place.
 B = Non-inter-level travel time spent in this place.
 C = Inter-level travel time spent in this place.
 D = Time resting spent in this place.
 E = Time spent auto-exploring this place.
 F = Levels seen in this place.
 G = Mean time per level.
                   A        B        C        D        E       F      G
               +--------+--------+--------+--------+--------+-----+--------+
         Total |    660 |    660 |      0 |      0 |    529 |   2 |  330.0 |
       Dungeon |    660 |    660 |      0 |      0 |    529 |   2 |  330.0 |
               +--------+--------+--------+--------+--------+-----+--------+

Top non-repeatable levels by time:
     D:1: 639 daAuts
     D:2: 20 daAuts
